Map: Frost LE

Players

FatalReMax - Winner!

  • Race: Terran Terran
  • League: Platinum

Sliver

  • Race: Protoss Protoss
  • League: Gold

VOD

Have the link to the VOD?

Description

Time

  • Played on: Aug. 7, 2016, 5:16 a.m.
  • Length: 11:02
Show
View Real Time Build Order
Export as new Build Order

FatalReMax Terran - Winner!

Build Orders: Reaper Expand 

Get SALT Encoding   

  12  0:01  SCV  
  13  0:13  SCV  
  14  0:20  Supply Depot  
  14  0:25  SCV  
  15  0:37  Refinery  
  15  0:42  SCV  
  16  0:47  Barracks  
  16  0:54  SCV  
  17  1:06  SCV  
  18  1:18  SCV  
  19  1:34  Orbital Command  
  19  1:35  Reaper  
  20  1:49  Command Center  
  20  1:59  SCV  
  21  2:11  SCV  
  21  2:12  Supply Depot  
  21  2:13  Barracks Reactor  
  22  2:19  Barracks  
  22  2:23  SCV  
  23  2:35  SCV  
  24  2:44  Factory  
  24  2:47  SCV  
  25  2:53  Marine x2  
  27  3:00  SCV  
  28  3:21  SCV  
  28  3:22  Bunker  
  29  3:29  Supply Depot  
  29  3:32  Factory Tech Lab  
  29  3:33  Supply Depot, Barracks Tech Lab, Marine x2, SCV  
  32  3:38  Starport  
  32  3:47  SCV  
  33  3:51  Marine x2  
  33  3:53  Refinery  
  33  3:54  Supply Depot  
  35  4:00  SCV  
  35  4:02  Marauder  
  38  4:08  Supply Depot  
  38  4:12  Siege Tank  
  38  4:13  SCV  
  38  4:16  SCV  
  43  4:25  SCV  
  43  4:26  Marauder, Marine, Engineering Bay  
  43  4:28  Marine  
  48  4:37  Orbital Command  
  48  4:38  Liberator  
  48  4:43  SCV  
  49  4:59  SCV  
  50  5:11  SCV  
  51  5:27  Supply Depot  
  51  5:30  Missile Turret  
  51  5:37  Missile Turret  
  51  5:40  Missile Turret  
  50  5:49  Marine x3  
  53  6:07  Marine  
  53  6:08  Marauder  
  56  6:14  SCV x2  
  58  6:26  SCV  
  58  6:29  Marauder  
  58  6:31  SCV  
  62  6:34  Marine x2  
  62  6:38  SCV  
  65  6:43  SCV  
  65  6:46  Command Center  
  66  6:50  Marauder, SCV  
  66  6:51  Supply Depot x2, Marine  
  66  6:53  Supply Depot x2  
  70  6:54  Supply Depot  
  70  7:01  Starport Tech Lab  
  70  7:13  Marauder, Marine x2, SCV x2  
  76  7:20  Supply Depot x2  
  76  7:21  Supply Depot  
  76  7:22  Raven  
  78  7:30  Marine  
  78  7:33  Refinery  
  78  7:35  Marauder  
  81  7:38  Marine  
  82  7:46  SCV  
  82  7:48  Marine  
  84  7:56  Marauder, Marine  
  87  8:06  Marine  
  87  8:14  Marine  
  87  8:17  Marauder  
  87  8:23  Medivac  
  87  8:24  Marine  
  90  8:32  Marine  
  91  8:38  Starport  
  91  8:39  Marauder, Barracks  
  93  8:42  Barracks  
  93  8:53  Medivac, Marine  
  93  8:54  Marine  
  97  9:00  Marauder  
  97  9:01  SCV x2  
  102  9:11  Planetary Fortress, Marine x2  
  102  9:13  SCV x2  
  105  9:21  Marauder  
  107  9:25  SCV  
  107  9:26  SCV  
  107  9:29  Marine x2  
  111  9:43  Marauder  
  105  9:47  Marine x2  
  100  9:56  Siege Tank  
  103  10:04  Marauder  
  103  10:05  Marine x2  
  102  10:22  Marine  
  102  10:26  Marauder  
  102  10:28  Siege Tank  
  109  10:50  SCV  
Show
View Real Time Build Order
Export as new Build Order

Sliver Protoss 

Build Orders: Dark Templar Rush 

Get SALT Encoding   

  12  0:01  Probe (Chrono Boost)  
  13  0:13  Probe (Chrono Boost)  
  14  0:19  Pylon  
  14  0:23  Probe (Chrono Boost)  
  15  0:40  Gateway  
  15  0:45  Assimilator  
  15  0:46  Probe (Chrono Boost)  
  16  0:56  Probe (Chrono Boost)  
  17  0:59  Pylon  
  17  1:07  Probe (Chrono Boost)  
  18  1:17  Probe (Chrono Boost)  
  19  1:28  Cybernetics Core  
  19  1:33  Assimilator  
  19  1:34  Probe (Chrono Boost)  
  20  1:44  Probe (Chrono Boost)  
  20  1:46  Pylon  
  21  1:53  Warp Gate  
  21  1:55  Probe (Chrono Boost)  
  22  2:12  Twilight Council  
  22  2:18  Adept  
  24  2:26  Probe (Chrono Boost)  
  26  2:38  Probe (Chrono Boost)  
  26  2:45  Pylon  
  26  2:50  Probe (Chrono Boost)  
  27  2:53  Dark Shrine  
  27  3:20  Dark Shrine  
  27  3:26  Mothership Core (Chrono Boost)  
  29  3:39  Gateway  
  29  3:41  Gateway  
  29  3:42  Gateway  
  29  3:59  Nexus  
  29  4:01  Pylon  
  29  4:09  Gateway  
  29  4:21  Probe (Chrono Boost)  
  30  4:35  Dark Templar  
  30  4:37  Dark Templar  
  34  4:39  Dark Templar  
  36  4:50  Dark Templar  
  34  5:16  Dark Templar  
  32  5:26  Zealot x3  
  32  5:27  Zealot  
  40  5:59  Stalker  
  40  6:00  Stalker  
  40  6:01  Stalker  
  44  6:12  Dark Templar  
  44  6:15  Stalker  
  44  6:18  Probe (Chrono Boost)  
  49  6:20  Probe (Chrono Boost)  
  50  6:30  Assimilator, Probe (Chrono Boost)  
  50  6:31  Probe (Chrono Boost)  
  52  6:34  Assimilator  
  52  6:37  Stalker  
  54  6:41  Pylon  
  54  6:42  Probe x2 (Chrono Boost)  
  54  6:44  Pylon  
  57  6:54  Probe (Chrono Boost)  
  57  7:02  Probe (Chrono Boost)  
  57  7:03  Robotics Facility  
  57  7:04  Robotics Facility  
  57  7:06  Probe (Chrono Boost)  
  59  7:14  Stalker, Forge  
  61  7:20  Stalker  
  63  7:28  Probe (Chrono Boost)  
  64  7:44  Probe (Chrono Boost)  
  65  7:46  Stalker x2  
  65  7:47  Stalker  
  71  7:57  Immortal  
  75  8:10  Adept x2  
  77  8:19  Immortal, Protoss Ground Weapons Level 1  
  75  8:41  Probe (Chrono Boost)  
  75  8:43  Probe (Chrono Boost)  
  75  8:44  Robotics Bay  
  75  8:48  Dark Templar  
  77  9:26  Gateway  
  77  9:30  Immortal  
  77  9:36  Immortal  
  49  10:14  Pylon  
  38  10:51  Pylon  
  38  10:54  Pylon  
Tags
 
Add a new tag
Caveats
  • Supply blocks, unpowered buildings, or Contaminate may cause inaccurate times.
  • Supply counts are checked every 10 seconds.